 Dungeon Crawl Stone Soup version 0.18-a0-705-g580043c (webtiles) character file.

165 FishmanTm the Ruffian (level 5, 0/50 HPs)
             Began as a Troll Monk on Dec 7, 2015.
             Slain by Grinder (11 damage)
             ... on level 4 of the Dungeon.
             The game lasted 00:03:46 (2197 turns).

FishmanTm the Ruffian (Troll Monk)                  Turns: 2197, Time: 00:03:46

Health: 0/50       AC:  5    Str: 19    XL:     5   Next: 21%
Magic:  4/4        EV: 10    Int:  6    God:
Gold:   201        SH:  0    Dex: 13    Spells: 0 memorised, 4 levels left

rFire  . . .     SeeInvis .       - Unarmed
rCold  . . .     Clarity  .     a - +0 robe
rNeg   . . .     SustAt   .     (no shield)
rPois  .         Gourm    +     (helmet restricted)
rElec  .         Spirit   .     (no cloak)
rCorr  .         Dismiss  .     (gloves unavailable)
rMut   .         Stasis   .     (boots unavailable)
MR     .....                    (no amulet)
Stlth  +.........               (no ring)
                                (no ring)

@: not resistant to hostile enchantments, very unstealthy
A: unfitting armour, claws 3, fast metabolism 3, gourmand, regeneration 2,
shaggy fur 1, tough skin 2
a: no special abilities


You were on level 4 of the Dungeon.
You were very full.

You visited 1 branch of the dungeon, and saw 4 of its levels.

You collected 201 gold pieces.

Inventory:

Armour
 a - a +0 robe (worn)
Jewellery
 c - an uncursed ring of see invisible {unknown}
Scrolls
 f - 2 scrolls of teleportation {unknown}
 g - 2 scrolls of amnesia {unknown}
 h - 2 scrolls of remove curse {unknown}
 l - a scroll of recharging {unknown}
 o - a scroll of blinking {unknown}
 q - 2 scrolls of enchant weapon {unknown}
 r - a scroll of fear {unknown}
 s - a scroll of random uselessness {unknown}
 t - a scroll of noise {unknown}
 u - a scroll of identify {unknown}
Potions
 e - a potion of invisibility {unknown}
 i - a potion of heal wounds {unknown}
 j - a potion of resistance {unknown}
 k - 2 potions of cure mutation {unknown}
 m - a potion of ambrosia {unknown}
 n - 2 potions of lignification {unknown}
Comestibles
 b - 5 bread rations
 d - a meat ration
 p - a slice of pizza


   Skills:
 - Level 2.4 Fighting
 + Level 2.4 Dodging
 - Level 1.1 Stealth
 + Level 6.5 Unarmed Combat


You had 4 spell levels left.
You didn't know any spells.

Dungeon Overview and Level Annotations

Branches:
Dungeon (4/15)
 Temple: D:4-7

Altars:
Qazlal
Zin
The Shining One

Annotations:
D:4 Grinder


Innate Abilities, Weirdness & Mutations

You are too large for most types of armour.
You have claws for hands.
Your metabolism is lightning-fast.
You like to eat raw meat.
You heal very quickly.
You are covered in fur (AC +1).
You have very tough skin (AC +2).


Message History

Unknown command.
You claw Grinder!
Grinder is severely wounded.
Grinder says, "Don't move a muscle."
Grinder barely misses you.
Unknown command.
You claw Grinder!
Grinder is almost dead.
Grinder barely misses you.
Unknown command.
You scratch Grinder but do no damage.
Grinder is almost dead.
Grinder hits you.
You writhe in agony.
* * * LOW HITPOINT WARNING * * *
Unknown command.
Unknown command.
You scratch Grinder but do no damage.
Grinder is almost dead.
Grinder hits you!
You die...

### ### .. #.. # ...#.#.#
#####
...#.#.####...#######
....................
..#5#.####...##..<.#
#.#@#.# #...##....# ###
#.#.#.# ##...##....#
.....#.#.#.###..........#
.........................
####.###.#.###........###
#...#.# ##########
#...#.# ###.#.# ....#


You could see Grinder.

Vanquished Creatures
  A giant frog skeleton (D:4)
  3 adders (D:2)
  3 gnolls (D:2)
  An ooze (D:2)
  2 worms (D:2)
  An adder skeleton (D:4)
  3 orcs (D:3)
  2 ball pythons (D:1)
  7 hobgoblins
  7 jackals (D:1)
  8 bats
  7 giant cockroaches
  2 giant newts
  6 goblins
  7 kobolds
  A quokka skeleton (D:4)
  5 rats
66 creatures vanquished.

Notes
Turn   | Place    | Note
--------------------------------------------------------------
     0 | D:1      | FishmanTm the Troll Monk began the quest for the Orb.
     0 | D:1      | Reached XP level 1. HP: 22/22 MP: 0/0
   141 | D:1      | Reached XP level 2. HP: 29/29 MP: 1/1
   403 | D:1      | Found a glowing golden altar of the Shining One.
   510 | D:1      | Reached skill level 5 in Unarmed Combat
   540 | D:1      | Reached XP level 3. HP: 36/36 MP: 2/2
   753 | D:2      | Reached XP level 4. HP: 39/44 MP: 3/3
   954 | D:2      | Reached skill level 6 in Unarmed Combat
  2064 | D:4      | Found a glowing silver altar of Zin.
  2064 | D:4      | Found a stormy altar of Qazlal.
  2106 | D:4      | Reached XP level 5. HP: 35/50 MP: 4/4
  2187 | D:4      | Noticed Grinder
  2197 | D:4      | Slain by Grinder

Vault maps used:
D:1:      dpeg_arrival_more_subterranean_lakeside_camping, tso_metal_star
D:3:      minivault_19
D:4:      gammafunk_temple_overflow_wave, kennysheep_mini_moat, first_bread,
          uniq_grinder, uniq_eustachio

Action                   |  1- 3 |  4- 6 || total
-------------------------+-------+-------++-------
Melee: Unarmed           |    83 |    96 ||   179
 Stab: Sleeping          |     1 |     1 ||     2
  Eat: Chunk             |    12 |    13 ||    25
